Map: [ESL] Royal Blood

Players

TeebuL

  • Race: Protoss Protoss
  • Spawn Location: 1:00

Nanami - Winner!

  • Race: Protoss Protoss
  • Spawn Location: 7:00

Event: ESL SC2 Masters 2023 Summer (Regionals)

VOD

Have the link to the VOD?

Description

Time

  • Played on: May 9, 2023, 8:10 a.m.
  • Length: 5:32

All games in this series

Show
View Real Time Build Order
Export as new Build Order

TeebuL Protoss 

Build Orders: Dark Templar Rush 

Get SALT Encoding   

  12  0:00  Probe  
  13  0:12  Probe  
  14  0:17  Pylon  
  14  0:24  Probe (Chrono Boost)  
  15  0:36  Probe (Chrono Boost)  
  15  0:38  Gateway  
  16  0:44  Probe (Chrono Boost)  
  16  0:49  Assimilator  
  17  0:51  Probe  
  17  0:55  Assimilator  
  18  1:03  Probe (Chrono Boost)  
  19  1:08  Gateway  
  19  1:15  Probe (Chrono Boost)  
  20  1:20  Probe (Chrono Boost)  
  20  1:25  Cybernetics Core  
  21  1:29  Probe  
  22  1:39  Pylon  
  22  1:41  Probe  
  23  1:57  Probe  
  23  2:01  Warp Gate (Chrono Boost)  
  24  2:02  Stalker x2  
  28  2:15  Pylon  
  28  2:22  Pylon  
  28  2:33  Twilight Council  
  28  2:40  Stalker x2  
  32  2:58  Shield Battery  
  32  3:04  Pylon  
  32  3:22  Nexus  
  32  3:24  Dark Shrine  
  32  3:28  Shield Battery  
  33  3:34  Probe  
  33  3:41  Shield Battery  
  33  3:49  Probe  
  33  3:55  Adept x2  
  38  4:01  Probe  
  39  4:04  Pylon  
  39  4:13  Probe  
  39  4:14  Shield Battery  
  40  4:25  Probe  
  41  4:38  Probe, Dark Templar x2  
  40  4:41  Shield Battery  
  42  4:45  Pylon  
  42  4:50  Probe  
  39  4:55  Pylon  
  39  4:59  Gateway  
  39  5:05  Pylon  
  39  5:14  Dark Templar  
  36  5:16  Probe  
Show
View Real Time Build Order
Export as new Build Order

Nanami Protoss - Winner!

Build Orders:  

Get SALT Encoding   

  12  0:00  Probe  
  13  0:12  Probe  
  14  0:17  Pylon  
  14  0:24  Probe (Chrono Boost)  
  16  0:36  Probe (Chrono Boost)  
  16  0:38  Gateway  
  16  0:43  Probe (Chrono Boost)  
  16  0:45  Assimilator  
  17  0:51  Probe  
  17  0:54  Assimilator  
  18  1:03  Probe (Chrono Boost)  
  19  1:07  Gateway  
  19  1:15  Probe (Chrono Boost)  
  20  1:22  Probe (Chrono Boost)  
  21  1:26  Cybernetics Core  
  21  1:29  Probe  
  22  1:36  Pylon  
  22  1:41  Probe  
  23  1:54  Probe  
  24  2:02  Adept x2, Warp Gate  
  29  2:12  Pylon  
  29  2:14  Robotics Facility  
  28  2:32  Stalker x2  
  32  2:38  Gateway  
  32  2:58  Immortal (Chrono Boost)  
  32  3:04  Sentry  
  38  3:23  Pylon  
  38  3:32  Shield Battery  
  38  3:40  Warp Prism (Chrono Boost)  
  38  3:41  Pylon  
  40  3:53  Stalker  
  42  3:57  Stalker  
  44  4:03  Stalker  
  46  4:12  Observer  
  47  4:18  Stalker  
  47  4:21  Stalker  
  51  4:30  Adept  
  51  4:33  Observer  
  49  4:55  Stalker x3  
Tags
 
Add a new tag
Caveats
  • Supply blocks, unpowered buildings, or Contaminate may cause inaccurate times.
  • Supply counts are checked every 10 seconds.